AoeStats
← kaisar0615

Black Forest

507791659Analyzed
4v4 RM · 14d ago on Sep 19, 2026· 66m 2s· 8 players
Game mode
Random Map
Map size
Large (8 player)
Population
200
Speed
Normal
Resources
Standard
Victory
Conquest
Starting age
Dark Age
Ending age
Imperial Age
RankedLock teamsTeams togetherTeam positionsShared explorationLock speedFull tech treeHidden civsTurbo modeCheats
Victory
Defeat
🇺🇸 Britons · United States
855
+12
🇺🇸 Celts · United States
832
+13
🇺🇸 Franks · United States
816
+14
🇮🇳 Persians · India
707
+18
🇨🇿 Teutons · Czechia
789
-15
🇨🇳 Khmer · China
766
-14
🇸🇰 Persians · Slovakia
763
-14
🇫🇷 Romans · France
759
-14
starekchess
2:24 Loom
12:47 Feudal Age
13:47 Double-Bit Axe
16:55 Scale Barding Armor
25:15 Castle Age
23:01 Horse Collar
23:54 Scale Mail Armor
25:41 Pikeman
26:22 Squires
26:41 Chain Mail Armor
28:22 Heavy Plow
35:58 Imperial Age
35:09 Forging
35:28 Gold Mining
41:01 Halberdier
42:02 Onager
47:21 Siege Onager
RGuardian-
kaisar0615
2:08 Loom
13:55 Feudal Age
16:36 Castle Age
31:21 Imperial Age
30:31 Wheelbarrow
29:50 Double-Bit Axe
29:49 Horse Collar
30:02 Gold Mining
30:04 Stone Mining
31:50 Gold Shaft Mining
31:51 Stone Shaft Mining
31:57 Heavy Plow
35:00 Double Crossbow
35:44 Town Watch
36:15 Bow Saw
36:37 Crop Rotation
37:11 Chemistry
36:22 Scale Barding Armor
36:22 Padded Archer Armor
36:14 Fletching
37:29 Chain Barding Armor
37:58 Tusk Swords
37:21 Elite Ballista Elephant
38:16 Bloodlines
38:07 Husbandry
37:29 Elite Battle Elephant
38:34 Leather Archer Armor
38:18 Bodkin Arrow
38:37 Forging
39:07 Plate Barding Armor
40:27 Ring Archer Armor
40:00 Bracer
40:10 Siege Engineers
40:28 Ballistics
40:04 Murder Holes
40:23 Masonry
50:53 Iron Casting
54:03 Blast Furnace
65:34 Architecture
glubix44
0:30 Loom
12:29 Feudal Age
12:50 Man-at-Arms
14:30 Wheelbarrow
21:18 Double-Bit Axe
27:35 Castle Age
28:59 Long Swordsman
29:40 Squires
29:51 Caravan
30:28 Gold Mining
31:21 Stone Mining
32:10 Gold Shaft Mining
31:19 Horse Collar
31:52 Bow Saw
38:14 Padded Archer Armor
38:04 Fletching
42:34 Ballistas
43:41 Leather Archer Armor
43:23 Bodkin Arrow
43:39 Forging
43:30 Scale Mail Armor
49:21 Imperial Age
47:09 Hand Cart
50:07 Ballistics
WAMCHI
1:40 Loom
11:56 Feudal Age
12:29 Double-Bit Axe
15:40 Town Watch
18:31 Castle Age
18:03 Horse Collar
20:47 Wheelbarrow
19:58 Town Watch
21:38 Bow Saw
29:41 Imperial Age
28:09 Hand Cart
28:13 Gambesons
28:45 Gold Mining
29:51 Ballistics
31:31 Chemistry
30:38 Siege Engineers
32:09 Heavy Scorpion
34:33 Furor Celtica
36:30 Conscription
36:04 Stronghold
36:59 Capped Ram
38:29 Forging
38:19 Scale Mail Armor
38:02 Siege Ram
41:20 Iron Casting
41:00 Chain Mail Armor
40:10 Pikeman
40:37 Arson
41:00 Caravan
43:23 Blast Furnace
42:30 Murder Holes
42:49 Masonry
42:16 Halberdier
42:33 Elite Woad Raider
45:00 Plate Mail Armor
56:54 Heavy Plow
59:59 Spies/Treason
62:54 Onager
64:44 Siege Onager
Malai-Chaap
0:40 Loom
13:57 Feudal Age
14:21 Double-Bit Axe
14:21 Horse Collar
15:16 Gold Mining
15:21 Stone Mining
27:46 Castle Age
34:15 Heavy Plow
34:30 Bow Saw
40:25 Imperial Age
41:08 Wheelbarrow
40:19 Town Watch
41:37 Kamandaran
41:48 Citadels
41:58 Conscription
41:09 Sappers
42:37 Hand Cart
42:23 Town Patrol
43:41 Chemistry
43:22 Heavy Scorpion
44:58 Elite War Elephant
46:13 Hoardings
46:57 Ballistics
46:27 Guard Tower
46:42 Siphons
46:28 Heated Shot
46:34 Murder Holes
46:50 Clinker Construction
50:10 Scale Barding Armor
50:05 Scale Mail Armor
50:06 Padded Archer Armor
49:57 Fletching
50:18 Forging
51:39 Carvel Hull
51:30 Careening
51:31 Masonry
52:11 Crop Rotation
59:51 Architecture
59:42 Dry Dock
59:33 Incendiaries
59:57 Chain Barding Armor
59:53 Chain Mail Armor
59:54 Leather Archer Armor
59:34 Bodkin Arrow
60:15 Iron Casting
59:06 Capped Ram
59:07 Onager
59:19 Man-at-Arms
59:44 Gambesons
59:20 Pikeman
60:00 Squires
59:47 Arson
60:53 Caravan
61:23 Coinage
61:04 Guilds
60:20 Siege Ram
61:43 Plate Mail Armor
61:48 Plate Barding Armor
61:13 Crossbowman
61:58 Thumb Ring
61:14 Elite Skirmisher
61:15 Heavy Cavalry Archer
62:20 Parthian Tactics
61:30 Spies/Treason
62:21 Heavy Camel Rider
62:22 Cavalier
62:23 Light Cavalry
63:14 Bloodlines
63:04 Husbandry
62:53 Long Swordsman
62:54 Halberdier
64:06 Fervor
64:12 Block Printing
64:07 Devotion
64:43 Theocracy
64:03 Herbal Medicine
63:34 Savar
65:44 Ring Archer Armor
66:15 Blast Furnace
66:09 Banking
65:12 Hussar
VersedSeal9311
0:29 Loom
13:07 Feudal Age
14:04 Horse Collar
14:12 Double-Bit Axe
24:24 Wheelbarrow
24:06 Fletching
24:18 Padded Archer Armor
30:55 Castle Age
30:17 Forging
30:31 Gold Mining
30:31 Stone Mining
31:03 Crossbowman
32:27 Caravan
32:42 Bodkin Arrow
34:29 Gold Shaft Mining
35:45 Hand Cart
37:22 Heavy Plow
40:10 Yeomen
43:31 Imperial Age
41:47 Bow Saw
43:56 Arbalester
45:01 Ballistics
44:38 Murder Holes
44:49 Siege Engineers
45:01 Bracer
45:17 Leather Archer Armor
46:01 Conscription
46:59 Elite Longbowman
47:50 Onager
51:06 Warwolf
53:02 Hoardings
53:16 Masonry
54:07 Chemistry
52:29 Elite Skirmisher
58:26 Ring Archer Armor
61:00 Heavy Cavalry Archer
61:12 Sappers
62:16 Architecture
61:27 Treadmill Crane
61:57 Fortified Wall
61:13 Heavy Scorpion
66:02 Coinage
65:43 Guilds
66:38 Two-Man Saw
65:07 Man-at-Arms
65:07 Pikeman
65:34 Gambesons
65:49 Squires
65:35 Arson
65:16 Capped Ram
shark_bird
0:26 Loom
13:43 Feudal Age
18:08 Castle Age
15:59 Double-Bit Axe
19:18 Scale Barding Armor
20:09 Wheelbarrow
19:47 Bow Saw
19:43 Town Watch
22:02 Forging
25:34 Iron Casting
27:47 Chain Barding Armor
28:07 Town Patrol
28:26 Hand Cart
29:26 Gold Mining
29:28 Stone Mining
33:48 Fletching
34:52 Bodkin Arrow
39:33 Imperial Age
39:02 Masonry
39:55 Murder Holes
40:22 Ballistics
42:08 Blast Furnace
41:44 Plate Barding Armor
41:10 Scale Mail Armor
41:52 Architecture
42:24 Chemistry
41:04 Elite Throwing Axeman
42:05 Conscription
42:19 #83
42:18 Cavalier
43:00 Husbandry
43:35 Chivalry
44:02 Paladin
45:12 Chain Mail Armor
45:42 Gold Shaft Mining
49:10 Arson
49:27 Squires
60:12 Fervor
60:05 Spies/Treason
Connection lost

Rejoining the realm…

Still unreachable

The connection could not be restored.

Session expired

The server has moved on; the page needs a fresh start.